Map: [ESL] Data-C

Players

TeebuL

  • Race: Protoss Protoss
  • Spawn Location: 9:00

MeomaikA - Winner!

  • Race: Zerg Zerg
  • Spawn Location: 3:00

Event: DreamHack SC2 Masters 2022 Atlanta (Online)

VOD

Have the link to the VOD?

Description

Time

  • Played on: Sept. 30, 2022, 5:19 a.m.
  • Length: 9:11

All games in this series

Show
View Real Time Build Order
Export as new Build Order

TeebuL Protoss 

Build Orders: Oracle Opening 

Get SALT Encoding   

  12  0:00  Probe  
  13  0:12  Probe  
  14  0:17  Pylon  
  14  0:24  Probe (Chrono Boost)  
  15  0:36  Probe (Chrono Boost)  
  15  0:38  Gateway  
  16  0:44  Probe (Chrono Boost)  
  17  0:50  Assimilator  
  17  0:51  Probe  
  18  1:03  Probe  
  19  1:15  Probe  
  20  1:19  Forge  
  20  1:33  Pylon  
  20  1:38  Pylon  
  20  1:40  Pylon  
  20  1:43  Probe  
  21  1:52  Photon Cannon  
  21  1:54  Pylon  
  21  1:58  Pylon  
  21  2:10  Photon Cannon  
  21  2:12  Photon Cannon  
  21  2:14  Pylon  
  21  2:16  Cybernetics Core  
  21  2:18  Probe  
  24  2:34  Photon Cannon  
  24  2:42  Probe  
  23  2:51  Adept (Chrono Boost)  
  23  2:54  Probe, Pylon  
  26  3:03  Pylon  
  26  3:04  Stargate  
  25  3:06  Probe  
  26  3:13  Adept (Chrono Boost)  
  29  3:23  Assimilator  
  29  3:27  Photon Cannon  
  29  3:30  Photon Cannon  
  28  3:43  Photon Cannon  
  28  3:47  Pylon  
  28  3:56  Photon Cannon  
  28  3:58  Oracle (Chrono Boost)  
  29  4:13  Nexus  
  29  4:17  Probe  
  29  4:21  Warp Gate  
  30  4:35  Pylon  
  30  4:38  Photon Cannon  
  30  4:39  Probe  
  31  4:51  Pylon  
  31  4:55  Oracle  
  31  4:59  Probe  
  33  5:07  Pylon  
  33  5:09  Adept  
  33  5:12  Probe (Chrono Boost)  
  36  5:24  Probe (Chrono Boost)  
  36  5:28  Protoss Ground Weapons Level 1, Probe (Chrono Boost)  
  38  5:33  Probe (Chrono Boost)  
  38  5:35  Probe (Chrono Boost)  
  40  5:39  Probe (Chrono Boost)  
  40  5:40  Probe  
  42  5:43  Twilight Council  
  42  5:50  Probe  
  42  5:52  Probe  
  44  6:02  Probe  
  45  6:04  Probe  
  45  6:10  Adept  
  48  6:14  Probe  
  48  6:17  Gateway  
  50  6:20  Gateway x2  
  50  6:26  Probe  
  50  6:31  Nexus  
  50  6:34  Pylon  
  50  6:37  Charge (Chrono Boost)  
  50  6:38  Adept  
  54  6:50  Gateway  
  54  6:52  Gateway  
  52  6:57  Probe  
  52  7:00  Gateway  
  53  7:04  Pylon  
  53  7:09  Probe  
  53  7:11  Stalker  
  53  7:14  Zealot, Probe  
  59  7:19  Pylon  
  59  7:21  Probe  
  60  7:26  Zealot x2, Probe  
  60  7:29  Templar Archives  
  65  7:35  Probe  
  66  7:40  Zealot x2  
  67  7:51  Zealot x3  
  67  7:52  Zealot  
  75  7:59  Shield Battery  
  75  8:03  Zealot x3  
  81  8:14  High Templar x2  
  81  8:15  Probe  
  86  8:24  Archon  
  86  8:26  Zealot x5  
  70  8:43  Pylon  
  68  8:49  Zealot x6  
  68  8:50  Zealot  
Show
View Real Time Build Order
Export as new Build Order

MeomaikA Zerg - Winner!

Build Orders: Hatch First 

Get SALT Encoding   

  12  0:00  Drone  
  13  0:12  Overlord  
  13  0:16  Drone  
  14  0:31  Drone x2  
  14  0:34  Drone  
  17  0:52  Hatchery  
  17  0:55  Drone  
  17  0:58  Drone  
  18  1:11  Spawning Pool  
  18  1:14  Extractor  
  18  1:17  Drone  
  17  1:19  Drone  
  18  1:28  Drone  
  19  2:00  Queen  
  21  2:02  Zergling x2  
  21  2:05  Spine Crawler x2  
  21  2:06  Spine Crawler  
  19  2:09  Spine Crawler  
  18  2:20  Drone x3  
  21  2:28  Drone x2  
  24  2:36  Queen  
  27  2:51  Hatchery  
  27  2:52  Drone  
  27  2:54  Drone  
  27  3:23  Overlord  
  27  3:24  Metabolic Boost  
  27  3:28  Hatchery  
  27  3:31  Overlord  
  26  3:42  Zergling x6  
  26  3:44  Zergling x2  
  31  3:55  Drone  
  30  4:04  Spore Crawler, Drone  
  30  4:06  Queen  
  31  4:15  Drone  
  32  4:21  Hatchery  
  31  4:29  Drone  
  32  4:35  Drone  
  33  4:41  Drone  
  34  4:46  Zergling x2  
  34  4:52  Drone  
  35  4:57  Drone  
  36  5:02  Drone  
  36  5:04  Drone  
  36  5:05  Drone x2  
  38  5:08  Spore Crawler  
  38  5:10  Drone  
  38  5:13  Drone  
  39  5:19  Drone  
  39  5:23  Drone  
  39  5:25  Drone x3  
  43  5:31  Overlord  
  43  5:33  Lair, Overlord  
  43  5:34  Drone  
  44  5:36  Drone  
  44  5:41  Drone x2  
  47  5:47  Drone x2  
  49  5:50  Drone  
  49  5:54  Spore Crawler, Drone x2, Extractor  
  49  5:56  Extractor  
  49  5:58  Drone x2  
  49  6:00  Drone  
  49  6:02  Drone  
  51  6:04  Drone  
  51  6:06  Drone  
  53  6:12  Drone  
  53  6:15  Drone  
  53  6:16  Drone x4  
  59  6:19  Drone  
  60  6:32  Overlord  
  60  6:33  Hydralisk Den, Overlord x2  
  59  6:40  Overlord  
  59  6:41  Overlord  
  59  6:44  Drone x4  
  63  6:56  Overlord x2  
  62  7:04  Hydralisk x6  
  74  7:09  Muscular Augments  
  74  7:10  Hydralisk  
  74  7:12  Zergling x4  
  74  7:15  Hydralisk  
  80  7:17  Zergling x2  
  80  7:18  Zergling x4  
  80  7:20  Overseer  
  83  7:26  Hydralisk x2  
  83  7:27  Zergling x4  
  83  7:29  Zergling x2  
  90  7:32  Zergling x6  
  90  7:35  Hydralisk  
  95  7:37  Hydralisk  
  97  7:46  Hydralisk x4  
  97  7:49  Zergling x4  
  107  7:51  Zergling x4  
  107  7:53  Zergling x2  
  107  7:55  Zergling x2  
  107  7:57  Zergling x4  
  107  7:58  Zergling x2  
  114  7:59  Zergling x2  
  114  8:00  Zergling x2  
  114  8:05  Zergling x2  
  117  8:06  Zergling x2  
  117  8:10  Zergling x2  
  117  8:11  Zergling x2  
  117  8:12  Hydralisk  
  120  8:14  Overlord x2  
  121  8:23  Zergling x2  
  121  8:25  Zergling x2  
  121  8:31  Overlord x2  
  121  8:32  Overlord  
  121  8:36  Zergling x4  
  121  8:37  Zergling x4  
  121  8:38  Hydralisk  
  121  8:40  Zergling x2  
  117  8:43  Zergling x2  
  116  8:49  Zergling x2  
  116  8:52  Zergling x2  
  116  8:53  Zergling x4  
  116  8:54  Zergling x2  
  107  9:08  Spire, Extractor  
Tags
 
Add a new tag
Caveats
  • Supply blocks, unpowered buildings, or Contaminate may cause inaccurate times.
  • Supply counts are checked every 10 seconds.